 Dungeon Crawl Stone Soup version 0.14-a0-1378-gf8e6a88 (webtiles) character file.

244 Chiseanne the Charlatan (level 5, -4/42 HPs)
             Began as a Djinni Artificer on Dec 8, 2013.
             Killed from afar by a kobold (18 damage)
             ... with a wand of cold
             ... on Level 3 of the Dungeon.
             The game lasted 00:06:42 (1736 turns).

Chiseanne the Charlatan (Djinni Artificer)          Turns: 1736, Time: 00:06:42

HP  -4/42        AC  7     Str 12      XL: 5   Next:  3%
MP   0/0         EV  7     Int 13      God:
Gold 103         SH  0     Dex 13      Spells:  0 memorised,  4 levels left

rFire  + + +     SeeInvis .     w - +3 quarterstaff (chaos)
rCold  x . .     Clarity  .     m - +0 scale mail
rNeg   + + +     Conserve .     (no shield)
rPois  .         rCorr    .     (no helmet)
rElec  .         rRot     .     x - +0 cloak
SustAb . .       Spirit   .     (no gloves)
rMut   +         Warding  .     (boots unavailable)
Saprov . . .     Stasis   .     j - amulet of resist mutation
                                (no ring)
                                (no ring)

@: flying, slightly resistant to hostile enchantments, extremely unstealthy
A: fire immunity, cold vulnerability, life protection 3
a: no special abilities


You were on level 3 of the Dungeon.
You were not hungry.

You visited 1 branch of the dungeon, and saw 3 of its levels.

You collected 103 gold pieces.

Inventory:

Hand weapons
 w - a +3,+3 quarterstaff of chaos (weapon)
Missiles
 i - 5 tomahawks (quivered)
Armour
 m - a +0 scale mail (worn)
 x - a +0 cloak (worn)
Magical devices
 b - a wand of flame (13)
 c - a wand of enslavement (13)
 d - a wand of random effects (10)
 s - a wand of magic darts (14)
Comestibles
 g - a lemon
 l - 3 meat rations
 p - an apple
Scrolls
 a - a scroll of magic mapping {unknown}
 f - 5 scrolls of identify
 h - 2 scrolls of teleportation {unknown}
 k - a scroll of curse jewellery {unknown}
 n - 2 scrolls of immolation {unknown}
 q - a scroll of fear {unknown}
 r - a scroll of recharging
 v - a scroll of amnesia {unknown}
Jewellery
 j - an amulet of resist mutation (around neck)
Potions
 e - 2 potions of invisibility {unknown}
 o - a potion of curing
 u - a potion of brilliance {unknown}


   Skills:
 * Level 1.6 Fighting
   Level 0.7 Short Blades
 * Level 0.6 Staves
 * Level 2.5 Armour
 * Level 2.9 Dodging
 - Level 0.7 Stealth
 * Level 4.3 Evocations


You had 4 spell levels left.
You didn't know any spells.

Dungeon Overview and Level Annotations

Branches:
Dungeon (3/16)

Altars:

Annotations:
D:3 Sigmund


Innate Abilities, Weirdness & Mutations

You are immune to all types of fire, even holy and hellish.
You are vulnerable to cold.
You need no food.
You have no legs.
You are immune to negative energy.


Message History

There is an open door here.
You reach down and open the door.
A goblin comes into view. It is wielding an orcish club.
The goblin shouts!
The goblin closely misses you.
There is an open door here.
You hit the goblin.
You kill the goblin!
Things that are here:
an orcish club; a goblin corpse The kobold shouts!
The kobold zaps a wand.
The bolt of cold hits you!
You feel a terrible chill!
The kobold zaps a wand.
The bolt of cold hits you!
You feel a terrible chill!
The jackal barks!
The kobold closely misses you.
Found an orange potion and 15 bolts.
You closely miss the kobold.
The kobold zaps a wand.
The bolt of cold misses you.
The kobold zaps a wand.
The bolt of cold hits you!
You feel a terrible chill!
You die...

......# #.......>
.........# #..>.....
..........# #........
...........# #........
............# #........
............# #.......<
............####........
#...........)'..'........
#.......@....####........
#######K###### #########
#. .. .h. ..!. ..... ...(
.


You could see a jackal and a kobold.

Vanquished Creatures
  A giant frog (D:3)
  Crazy Yiuf (D:2)
  7 goblins
  7 hobgoblins
  A jackal (D:2)
  5 kobolds
  4 bats
  3 giant cockroaches
  A giant gecko (D:1)
  2 giant newts
  12 rats
44 creatures vanquished.

Notes
Turn   | Place    | Note
--------------------------------------------------------------
     0 | D:1      | Chiseanne, the Djinni Artificer, began the quest for the Orb.
     0 | D:1      | Reached XP level 1. HP: 13/13 MP: 0/0
   245 | D:1      | Reached skill level 1 in Fighting
   324 | D:1      | Reached XP level 2. EP: 19/21
   494 | D:1      | Reached skill level 4 in Evocations
   815 | D:2      | Reached skill level 1 in Armour
   840 | D:2      | Noticed Jessica
   841 | D:2      | Noticed Jessica
   841 | D:2      | Jessica changed into Jessica the giant cockroach
   851 | D:2      | Killed Jessica the giant cockroach
   914 | D:2      | Reached XP level 3. EP: 24/28
  1548 | D:2      | Noticed Crazy Yiuf
  1556 | D:2      | Killed Crazy Yiuf
  1598 | D:3      | Noticed Sigmund
  1604 | D:2      | Reached XP level 4. EP: 30/34
  1651 | D:3      | Noticed a giant frog
  1657 | D:3      | Killed a giant frog
  1657 | D:3      | Reached XP level 5. EP: 27/42
  1736 | D:3      | Killed from afar by a kobold

Action                   |  1- 3 |  4- 6 || total
-------------------------+-------+-------++-------
Melee: Short sword       |   145 |       ||   145
       Quarterstaff      |     1 |    13 ||    14
Evoke: Wand              |    10 |       ||    10
  Use: Potion            |     4 |       ||     4
       Scroll            |     1 |       ||     1
